 Dungeon Crawl Stone Soup version 0.30-a0-618-gd6c86c23d0 (webtiles) character file.

Game seed: 1105205744945661393

4729 wormed the Slicer (level 10, -1/61 HPs)
             Began as a Kobold Brigand on Jan 9, 2023.
             Was a Follower of Uskayaw.
             Slain by an unseen horror (10 damage)
             ... on level 8 of the Dungeon.
             The game lasted 00:11:08 (8615 turns).

wormed the Slicer (Kobold Brigand)                  Turns: 8615, Time: 00:11:09

Health: -1/61      AC:  5    Str:  8    XL:     10   Next: 73%
Magic:  15/15      EV: 19    Int: 14    God:    Uskayaw [*.....]
Gold:   490        SH:  0    Dex: 20    Spells: 9/9 levels left

rFire   . . .      SeeInvis .    a - +2 dagger
rCold   . . .      Faith    +    (no shield)
rNeg    . . .      Spirit   .    b - +0 robe
rPois   .          Reflect  .    A - +0 helmet
rElec   .          Harm     .    B - +1 cloak {Will+}
rCorr   .          Rampage  .    (no gloves)
Will    +....                    (no boots)
Stlth   ++++++                   F - amulet of faith
HPRegen 0.30/turn                (no ring)
MPRegen 0.14/turn                (no ring)

@: no status effects
A: small, no large weapons, nightstalker 3
a: Renounce Religion, Stomp


You were on level 8 of the Dungeon.
You worshipped Uskayaw.
Uskayaw was noncommittal.
You visited 2 branches of the dungeon, and saw 9 of its levels.
You also visited: Sewer.

You collected 490 gold pieces.

Inventory:

Hand Weapons
 a - a +2 dagger (weapon)
Missiles
 d - 13 poisoned darts (quivered)
Armour
 b - a +0 robe (worn)
 A - a +0 helmet (worn)
 B - a +1 cloak of willpower (worn)
Jewellery
 c - a ring of wizardry
 y - an amulet of reflection
 F - an amulet of faith (around neck)
Wands
 t - a wand of iceblast (25)
 E - a wand of paralysis (12)
Scrolls
 i - 8 scrolls of teleportation
 k - a scroll of immolation {unknown}
 l - a scroll of silence
 n - 2 scrolls of blinking
 r - 4 scrolls of poison
 s - 2 scrolls of enchant weapon
 u - a scroll of enchant armour {unknown}
 x - a scroll of fear
 z - 2 scrolls of magic mapping
Potions
 f - a potion of heal wounds
 g - 3 potions of mutation
 h - 4 potions of lignification
 j - a potion of magic
 m - 9 potions of curing {unknown}
 o - a potion of brilliance {unknown}
 p - 2 potions of attraction {unknown}
 q - 3 potions of invisibility {unknown}
 v - a potion of berserk rage {unknown}
 w - a potion of might {unknown}
 C - a potion of resistance {unknown}
 D - 3 potions of haste {unknown}


   Skills:
 + Level 6.3 Fighting
 - Level 10.0 Short Blades
 + Level 6.5 Throwing
 + Level 7.1 Dodging
 + Level 9.7 Stealth
 * Level 7.2 Invocations


You had 9 spell levels left.
You didn't know any spells.
Your spell library contained the following spells:

 Spells                   Type           Power      Damage    Failure   Level
 Summon Small Mammal      Summ           0%         N/A       28%         1
 Call Canine Familiar     Summ           0%         N/A       65%         3
 Inner Flame              Hex/Fire       0%         N/A       65%         3
 Summon Guardian Golem    Hex/Summ       0%         N/A       65%         3
 Airstrike                Air            0%         2d(0-16)  96%         4
 Cause Fear               Hex            0%         N/A       96%         4
 Summon Lightning Spire   Summ/Air       0%         N/A       96%         4
 Lightning Bolt           Conj/Air       0%         1d11      100%        5
 Discord                  Hex            0%         N/A       100%        8


Dungeon Overview and Level Annotations

Branches:
Dungeon (8/15)             Temple (1/1) D:4            Lair (0/5) D:8
  Sewer (visited)

Altars:
Dithmenos
Elyvilon
Fedhas
Gozag
Hepliaklqana
Kikubaaqudgha
Makhleb
Nemelex Xobeh
Qazlal
Ru
Sif Muna
Uskayaw
Vehumet
Wu Jian
Yredelemnul
Zin
The Shining One

Shops:
D:4 *   D:7 *


Innate Abilities, Weirdness & Mutations

You are small and have problems with some larger weapons.
You are completely attuned to the shadows.


Message History

As you read the scroll of teleportation, it crumbles to dust.
You feel strangely unstable. The ice devil attacks as you move away!
The ice devil closely misses you.
Your surroundings suddenly seem different.
You close the huge gate.
Found a robe.
Found a book of Hexes.
You pick up a book of Hexes and begin reading...
You add the spells Inner Flame, Cause Fear and Discord to your library.
Found a club.
Something hits you.
Deactivating autopickup; reactivate with Ctrl-A.
Something hits you.
There is a strange disturbance nearby!
No target in view!
No target in view!
An orc priest and an orc come into view.
Something barely misses you. Something closely misses you.
You miss something. Something hits you!
You miss something. Something hits you! Something hits you.
You completely miss something. You hit something but do no damage.
Something hits you! Something hits you. Something hits you. Something hits you.
Something completely misses you.
You see here a +0 leather armour.
Something hits you!
* * * LOW HITPOINT WARNING * * *
Something hits you!
* * * LOW HITPOINT WARNING * * *
Throw: 2 darts (curare)
Press: ? - help, Q - select action, (/) - cycle Shift-Dir - straight line You throw a curare-tipped dart.
Something closely misses you. x2
Throw: dart (curare)
Press: ? - help, Q - select action, (/) - cycle Shift-Dir - straight line You throw a curare-tipped dart.
Something hits you!
You die...

## #.# #..#~~##~ .# #.# #..~####~
.# #.# #..~ ~# .# ##########.# .
.# #>......>..# . .# #..........#
#### . .#
#..........#######..#### #
.####...†......#...........######
..[.........(..{@................
##############.#########.......##
# #.###[###.#.## #.......## .#
#.#.#.#.#.## #.......##
#.###.###.#.#[# #.......##
#.#.#.#.#.#.## ##.......##
###.###.#.#.###########........##
.#.#.#.#.#.#.##......).........##
#.###.#.#.###.#..............†.##


There were no monsters in sight!

Vanquished Creatures
  3 death yaks (D:8)
  Sigmund (D:3)
  A wyvern (D:6)
  2 steam dragons
  2 water moccasins (D:7)
  An orc warrior (D:8)
  A sky beast (D:6)
  4 black bears
  An ice beast (D:5)
  2 ogres (D:6)
  2 centaurs (D:7)
  A kobold brigand (D:7)
  A gnoll sergeant (D:8)
  2 bullfrogs (D:8)
  A scorpion (D:5)
  3 wights (D:8)
  3 howler monkeys (D:8)
  4 hounds
  3 jellies
  2 orc priests
  Crazy Yiuf (D:5)
  2 iguanas
  3 orc wizards
  12 adders
  5 river rats
  3 shadow imps
  3 white imps
  2 worms (D:4)
  4 dart slugs
  11 orcs
  5 bats
  6 endoplasms
  5 giant cockroaches
  5 goblins
  6 hobgoblins
  7 jackals
  5 quokkas
  14 ball pythons
  7 frilled lizards
  8 kobolds
  16 rats
170 creatures vanquished.

Notes
Turn   | Place    | Note
-------+----------+-------------------------------------------
     0 | D:1      | wormed the Kobold Brigand began the quest for the Orb.
     0 | D:1      | Reached XP level 1. HP: 12/12 MP: 1/1
   194 | D:1      | Reached skill level 3 in Short Blades
   194 | D:1      | Reached XP level 2. HP: 16/18 MP: 2/2
   297 | D:1      | Reached XP level 3. HP: 18/22 MP: 3/3
   921 | D:2      | Reached XP level 4. HP: 27/27 MP: 4/4
  1256 | D:2      | Reached skill level 4 in Short Blades
  1886 | D:3      | Reached XP level 5. HP: 32/32 MP: 5/5
  2061 | D:3      | Noticed Sigmund
  2070 | D:3      | Killed Sigmund
  2071 | D:3      | Reached skill level 5 in Short Blades
  2071 | D:3      | Reached XP level 6. HP: 32/37 MP: 6/6
  2337 | D:4      | Found Pawex's Practical Paraphernalia.
  2433 | D:4      | Found a glowing drain.
  2454 | Sewer    | Entered a sewer
  2597 | Sewer    | Reached XP level 7. HP: 18/41 MP: 7/7
  3052 | D:4      | Noticed a steam dragon
  3056 | D:4      | Killed a steam dragon
  3057 | D:4      | Reached skill level 6 in Short Blades
  3075 | D:4      | Found a staircase to the Ecumenical Temple.
  3098 | Temple   | Entered the Ecumenical Temple
  3327 | Temple   | Became a worshipper of Uskayaw the Reveller
  3407 | D:4      | Reached * piety under Uskayaw
  3517 | D:4      | Reached ** piety under Uskayaw
  3705 | D:5      | Entered Level 5 of the Dungeon
  4031 | D:5      | Reached skill level 1 in Invocations
  4031 | D:5      | Reached XP level 8. HP: 31/48 MP: 0/9
  4668 | D:5      | Reached skill level 7 in Short Blades
  4797 | D:5      | Found a runed translucent door.
  4800 | D:5      | Noticed Crazy Yiuf
  4912 | D:5      | Killed Crazy Yiuf
  5169 | D:6      | Noticed a wyvern
  5181 | D:6      | Killed a wyvern
  5540 | D:6      | Reached XP level 9. HP: 26/52 MP: 6/11
  5669 | D:6      | Reached skill level 8 in Short Blades
  5697 | D:6      | Reached skill level 5 in Dodging
  6165 | D:6      | Reached skill level 5 in Throwing
  6166 | D:6      | Reached *** piety under Uskayaw
  6406 | D:7      | Found Fiogauqe's Assorted Antiques.
  6414 | D:7      | Reached skill level 5 in Fighting
  6428 | D:7      | Reached **** piety under Uskayaw
  6437 | D:7      | Reached ***** piety under Uskayaw
  6583 | D:7      | Found an ancient bone altar of Kikubaaqudgha.
  6952 | D:7      | Reached skill level 9 in Short Blades
  6952 | D:7      | Reached skill level 5 in Invocations
  6984 | D:7      | Identified the +5 whip "Killer Bee's Death" {heavy, rC+
                  | Dex+4}
  7857 | D:8      | Noticed a death yak
  7859 | D:8      | Found a staircase to the Lair.
  7861 | D:8      | Killed a death yak
  7862 | D:8      | Reached XP level 10. HP: 60/60 MP: 14/14
  7977 | D:8      | Noticed a death yak
  7981 | D:8      | Killed a death yak
  7982 | D:8      | Reached skill level 10 in Short Blades
  7983 | D:8      | Noticed a death yak
  7988 | D:8      | Killed a death yak
  8505 | D:8      | Noticed an ice devil
  8505 | D:8      | Noticed a freezing wraith
  8506 | D:8      | Noticed a freezing wraith
  8508 | D:8      | Noticed an ice devil
  8615 | D:8      | Slain by an unseen horror

Illustrated notes

Levels and vault maps discovered:
D:1:      dpeg_arrival_round_c, layout_loops_ring
D:2:      layout_rooms, palyth_stone_intersect
D:3:      layout_loops_ring, st_stairs_9, kennysheep_generic_room_7,
          uniq_sigmund
D:4:      layout_rooms, minmay_temple_entry_drinking_statues,
          portal_sewer_entry_b, hangedman_feature_mirror, grunt_ministairs_8,
          nicolae_alphabet_shops
D:5:      layout_basic, uniq_crazy_yiuf_cottage
D:6:      layout_gridville
D:7:      layout_loops_ring, mainiacjoe_overflow_concentric_impassable,
          serial_shops, nicolae_diamond_shop
D:8:      minmay_imperfect_grid, layout_rooms, dpeg_lair_monsters,
          hellmonk_guarded_unrand_frostbite
Temple:   hc_temple_tempest_star

Skill      XL: |  1  2  3  4  5  6  7  8  9 10 |
---------------+-------------------------------+-----
Short Blades   | 3 4 5 6 7 9 10 | 10.0
Dodging        | 2 3 4 6 7 |  7.1
Fighting       | 3 4 5 6 |  6.3
Throwing       | 3 4 5 6 |  6.5
Stealth        | 6 7 9 |  9.7
Invocations    | 1 3 6 7 |  7.2

Action                   |  1- 3 |  4- 6 |  7- 9 | 10-12 || total
-------------------------+-------+-------+-------+-------++-------
Melee: Dagger            |    74 |    97 |   363 |   124 ||   658
       Punch             |       |     1 |     8 |     3 ||    12
Throw: Throwing net      |       |     1 |       |       ||     1
       Dart              |       |     1 |     2 |     2 ||     5
Invok: Line Pass         |       |       |     6 |     1 ||     7
       Stomp             |       |       |     1 |       ||     1
  Use: Scroll            |       |     4 |    12 |     1 ||    17
       Potion            |       |       |     2 |       ||     2
 Stab: Sleeping          |    19 |    30 |    23 |     5 ||    77
       Held in net/web   |       |     2 |       |       ||     2
       Confused          |       |       |     2 |     1 ||     3
       Paralysed         |       |       |     4 |     2 ||     6
Armor: Robe              |    12 |     8 |    54 |     8 ||    82
Dodge: Dodged            |    39 |    29 |   223 |   101 ||   392

Table legend: (Time is in decaauts)
 A = Elapsed time spent in this place.
 B = Non-inter-level travel time spent in this place.
 C = Inter-level travel time spent in this place.
 D = Time resting spent in this place.
 E = Time spent auto-exploring this place.
 F = Levels seen in this place.
 G = Mean time per level.
                   A        B        C        D        E       F      G
               +--------+--------+--------+--------+--------+-----+--------+
         Total |   8431 |   8221 |    210 |      0 |   6857 |  10 |  843.1 |
       Dungeon |   7718 |   7519 |    199 |      0 |   6296 |   8 |  964.8 |
        Temple |    241 |    230 |     11 |      0 |    208 |   1 |  241.0 |
         Sewer |    470 |    470 |      0 |      0 |    352 |   1 |  470.0 |
               +--------+--------+--------+--------+--------+-----+--------+

Top non-repeatable levels by time:
     D:6: 1330 daAuts
     D:5: 1286 daAuts
     D:7: 1130 daAuts
     D:8: 976 daAuts
     D:1: 833 daAuts
     D:3: 829 daAuts
     D:4: 736 daAuts
     D:2: 595 daAuts
   Sewer: 470 daAuts
  Temple: 241 daAuts
